 Dungeon Crawl Stone Soup version 0.25.1-2-g60ff931df9 (webtiles) character file.

Game seed: 14068142889675688823

4992 gbos the Blocker (level 10, -1/82 HPs)
             Began as a Gnoll Fighter on Nov 19, 2020.
             Was a Believer of Cheibriados.
             Slain by a cyclops (10 damage)
             ... on level 8 of the Dungeon.
             The game lasted 00:02:06 (9244 turns).

gbos the Blocker (Gnoll Fighter)                    Turns: 9244, Time: 00:02:06

Health: -1/82      AC: 14    Str: 22    XL:     10   Next: 54%
Magic:  17/17      EV: 10    Int: 19    God:    Cheibriados [**....]
Gold:   396        SH: 12    Dex: 18    Spells: 19/19 levels left

rFire    . . .     SeeInvis .   Y - +2 war axe
rCold    . . .     Gourm    .   c - +0 kite shield
rNeg     . . .     Faith    .   f - +0 chain mail
rPois    .         Spirit   .   (no helmet)
rElec    .         Reflect  .   g - +2 cloak
rCorr    .         Harm     .   (no gloves)
MR       +....                  (no boots)
Stlth    ..........             (no amulet)
HPRegen  0.23/turn              b - ring of protection from magic
MPRegen  0.15/turn              (no ring)

@: about to teleport, very slow
A: distributed training, fangs 1, strong nose
a: Bend Time, Renounce Religion


You were on level 8 of the Dungeon.
You worshipped Cheibriados.
Cheibriados was pleased with you.
You were not hungry.

You visited 2 branches of the dungeon, and saw 9 of its levels.

You collected 547 gold pieces.
You spent 151 gold pieces at shops.


Innate Abilities, Weirdness & Mutations

Your experience applies equally to all skills.
You have very sharp teeth.
Your uncanny sense of smell can sniff out nearby items.


   Skills:
 + Level 8.5 Fighting
 + Level 5.2 Short Blades
 + Level 5.2 Long Blades
 + Level 7.1 Axes
 + Level 5.2 Maces & Flails
 + Level 5.2 Polearms
 + Level 5.2 Staves
 + Level 5.2 Slings
 + Level 5.2 Bows
 + Level 5.2 Crossbows
 + Level 5.2 Throwing
 + Level 8.5 Armour
 + Level 5.2 Dodging
 + Level 5.2 Stealth
 + Level 8.5 Shields
 + Level 5.2 Unarmed Combat
 + Level 5.2 Spellcasting
 + Level 4.3 Conjurations
 + Level 4.3 Hexes
 + Level 4.3 Charms
 + Level 4.3 Summonings
 + Level 4.3 Necromancy
 + Level 4.3 Translocations
 + Level 4.3 Transmutations
 + Level 4.3 Fire Magic
 + Level 4.3 Ice Magic
 + Level 4.3 Air Magic
 + Level 4.3 Earth Magic
 + Level 4.3 Poison Magic
 + Level 5.8 Invocations
 + Level 5.2 Evocations


You had 19 spell levels left.
You didn't know any spells.
Your spell library was empty.

Inventory:

Hand Weapons
 k - a -1 eveningstar
 Y - a +2 war axe (weapon)
Armour
 c - a +0 kite shield (worn)
 f - a +0 chain mail (worn)
 g - a +2 cloak (worn)
 q - a +0 pair of gloves
Jewellery
 b - a ring of protection from magic (left hand)
 r - an uncursed amulet of reflection {unknown}
Scrolls
 a - 3 scrolls of teleportation
 i - 4 scrolls of identify
 l - 3 scrolls of remove curse
 p - a scroll of brand weapon {unknown}
Potions
 d - a potion of might
 h - a potion of haste
 m - a potion of heal wounds
 n - a potion of curing
 o - a potion of ambrosia {unknown}
Comestibles
 e - 18 rations

Dungeon Overview and Level Annotations

Branches:
Dungeon (8/15)             Temple (1/1) D:7
   Lair: D:8-11

Altars:
Ashenzari
Cheibriados
Dithmenos
Elyvilon
Fedhas
Gozag
Hepliaklqana
Kikubaaqudgha
Makhleb
Nemelex Xobeh
Okawaru
Qazlal
Ru
Trog
Uskayaw
Vehumet
Wu Jian
Xom
Yredelemnul
Zin
The Shining One

Shops:
D:4 *   D:8 (

Annotations:
D:7 1 runed translucent door, 2 transporters


Message History

The cyclops hits you!
You slash the cyclops!
The cyclops is moderately wounded.
The cyclops hits you!
You slash the cyclops!
The cyclops is moderately wounded.
You block the cyclops's attack.
You hit the cyclops but do no damage.
The cyclops is moderately wounded.
The cyclops hits you!
You slash the cyclops!
The cyclops is heavily wounded.
You slash the cyclops!
The cyclops is severely wounded.
The cyclops hits you!
9244 ||| READING 4 scrolls of teleportation.
As you read the scroll of teleportation, it crumbles to dust.
You feel strangely unstable. The cyclops hits you!
You die...

{ .# # .# { C. .# .#
.. ### .# .# #. ##.##
.# .# ###..
##.#.####### .##.#
......####(#........#
....##.#
#...(C@....#.###.#
.......#
#.#####.##>.## #.#
...########.# ##.#.##
#.# ....\.....(.#
###..# #.#
...########.# ##....#
#.# ##.# #.#
##.....## #.# ##.#
#.###.......## #.#
##.# #............#
#.# ##.#
#.###....<...###.#


You could see a cyclops.

Vanquished Creatures
  A two-headed ogre (D:8)
  Joseph (D:7)
  A hippogriff (D:7)
  A hungry ghost (D:7)
  A human (D:8)
  4 hogs (D:8)
  Duvessa (D:7)
  An ice beast (D:4)
  A black bear (D:8)
  An orc warrior (D:6)
  2 sky beasts (D:7)
  A phantom (D:5)
  A necrophage (D:6)
  3 ogres
  Blork the orc (D:5)
  2 bullfrogs
  A gnoll sergeant (D:7)
  Dowan (D:7)
  4 scorpions
  A killer bee (D:7)
  3 howler monkeys
  6 crimson imps
  2 quasits
  A centaur skeleton (D:6)
  2 jellies
  8 hounds
  2 iguanas (D:7)
  Crazy Yiuf (D:7)
  4 orc wizards
  6 worker ants
  A killer bee zombie (D:5)
  A hound zombie (D:8)
  2 worker ant zombies (D:6)
  A howler monkey skeleton (D:5)
  3 gnolls (D:7)
  14 adders
  3 oozes
  An adder skeleton (D:5)
  An adder zombie (D:8)
  5 worms (D:2)
  2 dart slugs (D:2)
  3 leopard geckos
  26 orcs
  5 giant cockroaches
  8 goblins
  6 hobgoblins
  13 jackals
  12 kobolds
  7 quokkas
  2 ball pythons
  A ball python skeleton (D:4)
  6 bats
  5 frilled lizards
  A jackal skeleton (D:5)
  A jackal zombie (D:5)
  A leopard gecko skeleton (D:5)
  2 leopard gecko zombies (D:7)
  A quokka zombie (D:5)
  8 rats
207 creatures vanquished.

Notes
Turn   | Place    | Note
-------+----------+-------------------------------------------
     0 | D:1      | gbos the Gnoll Fighter began the quest for the Orb.
     0 | D:1      | Reached XP level 1. HP: 23/23 MP: 1/1
     0 | D:1      | 0 ||| counter = 306
   157 | D:1      | Reached XP level 2. HP: 29/29 MP: 2/2
   856 | D:1      | Reached XP level 3. HP: 35/35 MP: 3/3
   868 | D:1      | 868 ||| UPGRADING to runed chain mail.
   878 | D:1      | 878 ||| DROPPING +0 scale mail.
   879 | D:1      | 879 ||| READING scroll labeled ROSAAJU JANE.
   880 | D:1      | 880 ||| READING 3 scrolls labeled GOTUTU NAUJ.
   881 | D:1      | 881 ||| READING scroll labeled UFUTUF OFRYO.
   882 | D:1      | 882 ||| READING scroll labeled ELYSACSU XOLE.
   885 | D:1      | 885 ||| DRINKING 2 fizzy orange potions.
   919 | D:1      | 919 ||| DROPPING potion of lignification.
   961 | D:2      | 961 ||| STAIRDANCE
  1048 | D:2      | 1048 ||| STAIRDANCE
  1055 | D:2      | 1055 ||| STAIRDANCE
  1091 | D:2      | Reached skill level 1 in Invocations
  1164 | D:2      | Reached skill level 1 in Short Blades
  1164 | D:2      | Reached skill level 1 in Long Blades
  1164 | D:2      | Reached skill level 1 in Maces & Flails
  1164 | D:2      | Reached skill level 1 in Polearms
  1164 | D:2      | Reached skill level 1 in Staves
  1164 | D:2      | Reached skill level 1 in Slings
  1164 | D:2      | Reached skill level 1 in Bows
  1164 | D:2      | Reached skill level 1 in Crossbows
  1164 | D:2      | Reached skill level 1 in Throwing
  1164 | D:2      | Reached skill level 1 in Dodging
  1164 | D:2      | Reached skill level 1 in Stealth
  1164 | D:2      | Reached skill level 1 in Unarmed Combat
  1164 | D:2      | Reached skill level 1 in Spellcasting
  1164 | D:2      | Reached skill level 1 in Evocations
  1255 | D:2      | Reached XP level 4. HP: 41/41 MP: 5/5
  1295 | D:2      | Found a sparkling altar of Nemelex Xobeh.
  1318 | D:2      | Found a shadowy altar of Dithmenos.
  1522 | D:2      | Reached skill level 1 in Conjurations
  1522 | D:2      | Reached skill level 1 in Hexes
  1522 | D:2      | Reached skill level 1 in Charms
  1522 | D:2      | Reached skill level 1 in Summonings
  1522 | D:2      | Reached skill level 1 in Necromancy
  1522 | D:2      | Reached skill level 1 in Translocations
  1522 | D:2      | Reached skill level 1 in Transmutations
  1522 | D:2      | Reached skill level 1 in Fire Magic
  1522 | D:2      | Reached skill level 1 in Ice Magic
  1522 | D:2      | Reached skill level 1 in Air Magic
  1522 | D:2      | Reached skill level 1 in Earth Magic
  1522 | D:2      | Reached skill level 1 in Poison Magic
  1589 | D:2      | 1589 ||| DROPPING +0 club.
  1615 | D:2      | Reached XP level 5. HP: 36/47 MP: 5/7
  2015 | D:2      | 2015 ||| UPGRADING to chain mail.
  2025 | D:2      | 2025 ||| DROPPING -1 chain mail.
  2026 | D:2      | 2026 ||| READING scroll labeled OHAOMO AMIB.
  2027 | D:2      | 2027 ||| READING scroll labeled PASHUM NODDO.
  2028 | D:2      | 2028 ||| DRINKING 2 golden potions.
  2312 | D:3      | 2312 ||| DROPPING +0 whip.
  2410 | D:3      | Noticed an ogre
  2415 | D:3      | Killed an ogre
  2415 | D:3      | Reached XP level 6. HP: 53/53 MP: 8/8
  3165 | D:3      | 3165 ||| READING scroll labeled WAGHAD WETUDDI.
  3166 | D:3      | 3166 ||| READING scroll labeled UWAICKAACU.
  3167 | D:3      | 3167 ||| READING 2 scrolls of identify.
  3167 | D:3      | 3167 ||| IDENTIFYING fizzy dark potion
  3168 | D:3      | 3168 ||| DROPPING potion of flight.
  3391 | D:4      | Found Poim's Lightly-Used Armoury.
  3396 | D:4      | Bought a -3 demon whip for 1 gold piece
  3396 | D:4      | Bought a -2 demon whip for 50 gold pieces
  3396 | D:4      | Bought a -1 eveningstar for 100 gold pieces
  3396 | D:4      | 3396 ||| SHOPLISTING -1 pearl dragon scales (950 gold, have
                  | 13).
  3396 | D:4      | 3396 ||| DROPPING -3 demon whip.
  3397 | D:4      | 3397 ||| DROPPING -2 demon whip.
  3398 | D:4      | 3398 ||| DROPPING +1 mace of venom.
  3452 | D:4      | 3452 ||| READING scroll of enchant weapon.
  3452 | D:4      | 3452 ||| ENCHANTING +1 war axe.
  3643 | D:4      | 3643 ||| READING scroll labeled XIUSMAURUO.
  3644 | D:4      | 3644 ||| DRINKING 3 dark potions.
  3683 | D:5      | Entered Level 5 of the Dungeon
  3691 | D:5      | Noticed a phantom
  3697 | D:5      | Reached XP level 7. HP: 59/59 MP: 10/10
  3841 | D:5      | Noticed Blork the orc
  3853 | D:5      | Killed Blork the orc
  3949 | D:5      | Found a shimmering altar of Xom.
  3950 | D:5      | Found a shimmering altar of Xom.
  3955 | D:5      | Found a shimmering altar of Xom.
  4170 | D:5      | Reached skill level 3 in Invocations
  4218 | D:5      | 4218 ||| STAIRDANCE
  4266 | D:4      | Reached XP level 8. HP: 22/67 MP: 12/12
  4267 | D:4      | 4267 ||| STAIRDANCE
  4478 | D:3      | 4478 ||| READING 4 scrolls of identify.
  4478 | D:3      | 4478 ||| IDENTIFYING coppery potion
  4479 | D:3      | 4479 ||| READING 3 scrolls of identify.
  4479 | D:3      | 4479 ||| IDENTIFYING metallic cyan potion
  4480 | D:3      | 4480 ||| DROPPING potion of brilliance.
  4481 | D:3      | 4481 ||| DROPPING potion of magic.
  4492 | D:4      | 4492 ||| EATING 7 rations.
  4524 | D:5      | HP: 8/67 [ogre/+0 giant club (13)]
  4525 | D:5      | 4525 ||| READING 5 scrolls of teleportation.
  4526 | D:5      | 4526 ||| DRINKING 2 potions of heal wounds.
  4527 | D:5      | Reached skill level 3 in Short Blades
  4527 | D:5      | Reached skill level 3 in Long Blades
  4527 | D:5      | Reached skill level 3 in Maces & Flails
  4527 | D:5      | Reached skill level 3 in Polearms
  4527 | D:5      | Reached skill level 3 in Staves
  4527 | D:5      | Reached skill level 3 in Slings
  4527 | D:5      | Reached skill level 3 in Bows
  4527 | D:5      | Reached skill level 3 in Crossbows
  4527 | D:5      | Reached skill level 3 in Throwing
  4527 | D:5      | Reached skill level 3 in Dodging
  4527 | D:5      | Reached skill level 3 in Stealth
  4527 | D:5      | Reached skill level 3 in Unarmed Combat
  4527 | D:5      | Reached skill level 3 in Spellcasting
  4527 | D:5      | Reached skill level 3 in Evocations
  4528 | D:5      | 4528 ||| STAIRDANCE
  5257 | D:5      | 5257 ||| UPGRADING to peridot ring.
  5258 | D:5      | 5258 ||| READING scroll labeled YSKONA VAONOKYE.
  5259 | D:5      | 5259 ||| READING scroll labeled SEFUBR EL XIX.
  5291 | D:6      | 5291 ||| STAIRDANCE
  5342 | D:6      | 5342 ||| STAIRDANCE
  5812 | D:6      | 5812 ||| EATING 8 rations.
  5885 | D:6      | Reached skill level 3 in Conjurations
  5885 | D:6      | Reached skill level 3 in Hexes
  5885 | D:6      | Reached skill level 3 in Charms
  5885 | D:6      | Reached skill level 3 in Summonings
  5885 | D:6      | Reached skill level 3 in Necromancy
  5885 | D:6      | Reached skill level 3 in Translocations
  5885 | D:6      | Reached skill level 3 in Transmutations
  5885 | D:6      | Reached skill level 3 in Fire Magic
  5885 | D:6      | Reached skill level 3 in Ice Magic
  5885 | D:6      | Reached skill level 3 in Air Magic
  5885 | D:6      | Reached skill level 3 in Earth Magic
  5885 | D:6      | Reached skill level 3 in Poison Magic
  5955 | D:6      | Reached skill level 6 in Axes
  5955 | D:6      | Reached XP level 9. HP: 70/70 MP: 14/14
  5990 | D:6      | Found an ornate altar of the Wu Jian Council.
  6196 | D:6      | 6196 ||| READING 2 scrolls labeled YFUADW HUZO.
  6197 | D:6      | 6197 ||| DROPPING scroll of magic mapping.
  6289 | D:7      | Found a staircase to the Ecumenical Temple.
  6289 | D:7      | Noticed Dowan
  6290 | D:7      | Noticed Duvessa
  6307 | D:7      | Killed Duvessa
  6312 | D:7      | Killed Dowan
  6339 | Temple   | Entered the Ecumenical Temple
  6340 | Temple   | 6340 ||| Entered T.
  6407 | Temple   | Became a worshipper of Cheibriados the Contemplative
  6501 | Temple   | 6501 ||| DRINKING 2 pink potions.
  6703 | D:7      | Noticed a hornet
  6958 | D:7      | Noticed Joseph
  6988 | D:7      | HP: 16/72 [Joseph/+0 quarterstaff (8)]
  6989 | D:7      | 6989 ||| READING 5 scrolls of teleportation.
  6990 | D:7      | 6990 ||| DRINKING 2 potions of heal wounds.
  6993 | D:7      | Killed Joseph
  6993 | D:7      | Found a runed translucent door.
  6993 | D:7      | Noticed Crazy Yiuf
  6997 | D:7      | Killed Crazy Yiuf
  7216 | D:7      | 7216 ||| UPGRADING to +0 cloak.
  7221 | D:7      | 7221 ||| READING 2 scrolls of enchant armour.
  7221 | D:7      | 7221 ||| ENCHANTING +0 cloak.
  7222 | D:7      | 7222 ||| READING scroll of enchant armour.
  7222 | D:7      | 7222 ||| ENCHANTING +1 cloak.
  7223 | D:7      | 7223 ||| READING 4 scrolls of teleportation.
  7225 | D:7      | Found a shattered altar of Ashenzari.
  7240 | D:7      | Found a sacrificial altar of Ru.
  7318 | D:7      | 7318 ||| EATING 11 rations.
  7367 | D:7      | Found a transporter.
  7371 | D:7      | Found a transporter.
  7548 | D:7      | Reached * piety under Cheibriados
  7991 | D:7      | 7991 ||| READING scroll labeled RESINI VYEJINK.
  7992 | D:7      | 7992 ||| READING scroll labeled BEUCRU SUQA.
  8035 | D:8      | 8035 ||| STAIRDANCE
  8210 | D:8      | Reached XP level 10. HP: 80/80 MP: 17/17
  8542 | D:8      | Found Raeh's Weapon Shoppe.
  8614 | D:8      | Reached ** piety under Cheibriados
  8678 | D:8      | Noticed a two-headed ogre
  8696 | D:8      | Killed a two-headed ogre
  9223 | D:8      | Noticed a cyclops
  9243 | D:8      | HP: 9/82 [cyclops (15)]
  9244 | D:8      | 9244 ||| READING 4 scrolls of teleportation.
  9244 | D:8      | Slain by a cyclops

Levels and vault maps discovered:
D:1:      elethiomel_arrival_quiet, layout_basic
D:2:      layout_loops_ring, lemuel_round_altar,
          nemelex_xobeh_ov_fountains_minmay
D:3:      layout_loops_corners
D:4:      layout_rooms, first_ration, minmay_shop_damaged
D:5:      layout_gridville, xom_redecorated, uniq_blork_the_orc
D:6:      layout_basic, kennysheep_mini_moat
D:7:      minmay_razor_zed, layout_loops_ring, amethyst_overflow_temple_binary,
          minmay_temple_entry_wispy, gammafunk_ghost_hive,
          kennysheep_small_square, uniq_joseph, uniq_crazy_yiuf_cottage,
          uniq_duvessa
D:8:      layout_loops_ring, kennysheep_mini, serial_shops, shop,
          grunt_livestock, grunt_ministairs_14
Temple:   regret_index_temple_sphere_string

Skill      XL: |  1  2  3  4  5  6  7  8  9 10 |
---------------+-------------------------------+-----
Invocations    | 1 2 3 4 5 |  5.8
Short Blades   | 1 2 3 4 5 |  5.2
Long Blades    | 1 2 3 4 5 |  5.2
Maces & Flails | 1 2 3 4 5 |  5.2
Polearms       | 1 2 3 4 5 |  5.2
Staves         | 1 2 3 4 5 |  5.2
Slings         | 1 2 3 4 5 |  5.2
Bows           | 1 2 3 4 5 |  5.2
Crossbows      | 1 2 3 4 5 |  5.2
Throwing       | 1 2 3 4 5 |  5.2
Dodging        | 1 2 3 4 5 |  5.2
Stealth        | 1 2 3 4 5 |  5.2
Unarmed Combat | 1 2 3 4 5 |  5.2
Spellcasting   | 1 2 3 4 5 |  5.2
Evocations     | 1 2 3 4 5 |  5.2
Conjurations   | 1 2 3 4 |  4.3
Hexes          | 1 2 3 4 |  4.3
Charms         | 1 2 3 4 |  4.3
Summonings     | 1 2 3 4 |  4.3
Necromancy     | 1 2 3 4 |  4.3
Translocations | 1 2 3 4 |  4.3
Transmutations | 1 2 3 4 |  4.3
Fire Magic     | 1 2 3 4 |  4.3
Ice Magic      | 1 2 3 4 |  4.3
Air Magic      | 1 2 3 4 |  4.3
Earth Magic    | 1 2 3 4 |  4.3
Poison Magic   | 1 2 3 4 |  4.3
Axes           | 5 6 7 |  7.1
Fighting       | 7 8 |  8.5
Armour         | 7 8 |  8.5
Shields        | 7 8 |  8.5

Action                   |  1- 3 |  4- 6 |  7- 9 | 10-12 || total
-------------------------+-------+-------+-------+-------++-------
Melee: War axe           |    77 |   214 |   408 |    75 ||   774
       Bite              |     8 |    18 |    59 |    14 ||    99
Throw: Javelin           |       |       |    30 |     6 ||    36
  Use: Scroll            |     4 |     7 |    12 |     1 ||    24
       Potion            |     1 |     2 |     3 |       ||     6
  Eat: Chunk             |     1 |     8 |     5 |     2 ||    16
       Ration            |       |       |     3 |       ||     3
Armor: Scale mail        |    20 |       |       |       ||    20
       Chain mail        |    13 |    76 |   167 |    21 ||   277
Dodge: Dodged            |    15 |    43 |   110 |    33 ||   201
Block: Kite shield       |    37 |    98 |   223 |    55 ||   413

Table legend:
 A = Non-vault XP
 B = Vault XP
 C = Vault XP percentage of total XP
 D = Non-vault monster count
 E = Vault monster count
 F = Vault count percentage of total count
                 A         B        C        D         E       F
            +---------+---------+-------+---------+---------+-------
      Total |    4530 |    2602 |  36.5 |     184 |      23 |  11.1
            +---------+---------+-------+---------+---------+-------
        D:1 |      38 |       0 |   0.0 |      24 |       0 |   0.0
        D:2 |     167 |       0 |   0.0 |      32 |       0 |   0.0
        D:3 |     306 |       0 |   0.0 |      32 |       0 |   0.0
        D:4 |     212 |       0 |   0.0 |      11 |       0 |   0.0
        D:5 |     843 |      90 |   9.6 |      30 |       1 |   3.2
        D:6 |     797 |       0 |   0.0 |      17 |       0 |   0.0
        D:7 |     696 |    1480 |  68.0 |      24 |      16 |  40.0
        D:8 |    1471 |    1032 |  41.2 |      14 |       6 |  30.0
            +---------+---------+-------+---------+---------+-------
